 Dungeon Crawl Stone Soup version 0.30-b1-2-g02819fbbbe (webtiles) character file.

Game seed: 16673094418589381852

17 caveywoolpert the Digger (level 2, 0/15 HPs)
             Began as a Gargoyle Earth Elementalist on May 13, 2023.
             Slain by a goblin
             ... wielding a +0 dagger
             ... led by Robin
              (5 damage)
             ... on level 2 of the Dungeon.
             The game lasted 00:00:46 (933 turns).

caveywoolpert the Digger (GrEE)                      Turns: 933, Time: 00:00:47

Health: 0/15       AC:  4    Str: 11    XL:     2   Next: 62%
Magic:  5/5        EV: 11    Int: 15    God:
Gold:   52         SH:  0    Dex: 10    Spells: 5/6 levels left

rFire   . . .        i - +0 lajatang
rCold   . . .        (shield currently unavailable)
rNeg    + . .        a - +0 robe
rPois   ∞            (no helmet)
rElec   +            (no cloak)
rCorr   .            (no gloves)
SInv    .            (no boots)
Will    .....        (no amulet)
Stlth   ++           (no ring)
HPRegen 0.22/turn    (no ring)
MPRegen 0.09/turn

%: no passive effects
@: no status effects
A: sickness immunity, AC +2, negative energy resistance 1, electricity
resistance, torment resistance 1, petrification resistance
a: no special abilities


You were on level 2 of the Dungeon.
You visited 1 branch of the dungeon, and saw 2 of its levels.

You collected 52 gold pieces.

Inventory:

Hand Weapons
 i - a +0 lajatang (weapon)
Armour
 a - a +0 robe (worn)
Scrolls
 c - a scroll of identify {unknown}
 h - a scroll of teleportation {unknown}
Potions
 b - a potion of magic
 d - a potion of flight {unknown}
 e - a potion of heal wounds {unknown}
 f - a potion of curing {unknown}
 g - a potion of might {unknown}


   Skills:
 - Level 1.5 Dodging
 - Level 2.1 Stealth
 + Level 2.5 Spellcasting
 - Level 0.7 Transmutations
 + Level 4.2 Earth Magic


You had 5 spell levels left.
You knew the following spells:

 Your Spells              Type           Power      Damage    Failure   Level
a - Sandblast             Erth           28%        2d8       3%          1

Your spell library contained the following spells:

 Spells                   Type           Power      Damage    Failure   Level
 Passwall                 Tmut/Erth      7%         N/A       12%         2
 Stone Arrow              Conj/Erth      16%        3d8       26%         3
 Petrify                  Tmut/Erth      9%         N/A       58%         4


Dungeon Overview and Level Annotations

Branches:
Dungeon (2/15)

Altars:

Annotations:
D:2 Robin


Innate Abilities, Weirdness & Mutations

You are immune to sickness and miasma.
Your stone body is resilient. (AC +2)
You are immune to poison.
You resist negative energy. (rN+)
You are resistant to electric shocks. (rElec)
You are resistant to unholy torment.
You are immune to petrification.


Message History

The blast of sand misses the hobgoblin.
The goblin shouts!
You hear a shout!
A goblin comes into view. It is wielding a +0 club. x2
Casting: Sandblast (safe; 3% risk of failure)
Confirm with . or Enter, or press ? or * to list all spells.
You don't have enough magic to cast this spell.
Casting: Sandblast (safe; 3% risk of failure)
Confirm with . or Enter, or press ? or * to list all spells.
You don't have enough magic to cast this spell.
Unknown command.
The hobgoblin attacks as you move away! The hobgoblin barely misses you.
There is a stone staircase leading up here.
You hit the hobgoblin but do no damage. The hobgoblin hits you.
You hit the hobgoblin.
You kill the hobgoblin!
Robin roars a battlecry!
The goblin goes into a battle-frenzy!
You hear a shout! x3
You climb upwards.
There is a stone staircase leading down here.
You start resting.
HP restored.
You start resting.
Magic restored.
You climb downwards.
Level annotation: Robin The goblin shouts!
You hear a shout!
A goblin comes into view. It is wielding a +0 dagger.
A hobgoblin comes into view.
Robin throws the goblin at you! The goblin hits you with a +0 dagger.
Robin roars a battlecry!
The goblins go into a battle-frenzy!
The worm bites you!
Ouch! That really hurt!
The goblin completely misses you. The goblin barely misses you.
A goblin comes into view. It is wielding a +0 club. x2
The hobgoblin moves out of view.
There is a stone staircase leading up here.
The goblin hits you but does no damage. The goblin hits you with a +0 dagger.
You die...

.. g .# #. .###
#.. ... g...
##.# ..g..
##..#
#g.g.##g.###
#†g)g†@g.#
#......w...#
............#
##............#
.............##
...#........##
.###...!....#
#.........


You could see a worm, Robin, a hobgoblin (strong) and 5 goblins.

Vanquished Creatures
  2 endoplasms
  A giant cockroach (D:1)
  2 goblins
  2 hobgoblins (D:2)
  2 ball pythons
  4 bats
  A kobold (D:1)
  2 rats (D:1)
16 creatures vanquished.

Notes
Turn   | Place    | Note
-------+----------+-------------------------------------------
     0 | D:1      | caveywoolpert the Gargoyle Earth Elementalist began the
                  | quest for the Orb.
     0 | D:1      | Reached XP level 1. HP: 10/10 MP: 3/3
   510 | D:1      | Reached skill level 4 in Earth Magic
   510 | D:1      | Reached XP level 2. HP: 15/15 MP: 1/5
   877 | D:2      | Noticed Robin
   933 | D:2      | Slain by a goblin

Illustrated notes

Levels and vault maps discovered:
D:1:      spicycebolla_arrival_ecumenical, layout_basic
D:2:      layout_rooms, basic_altar, minmay_vboxes, uniq_natasha, uniq_robin

Skill      XL: |  1 |
---------------+----+-----
Earth Magic    | 4 |  4.2
Dodging        | |  1.5
Stealth        | |  2.1
Spellcasting   | |  2.5
Transmutations | |  0.7

Action                     || total
---------------------------++-------
  Melee: Lajatang          ||     2
   Cast: Sandblast         ||    16
 Armour: Robe              ||     1
  Dodge: Dodged            ||     6
